AoeStats
← EmirR6S

Arena

506491963Analyzed
4v4 RM · 18d ago on Sep 13, 2026· 36m 9s· 8 players
Game mode
Random Map
Map size
Large (8 player)
Population
200
Speed
Normal
Resources
Standard
Victory
Conquest
Starting age
Dark Age
Ending age
Imperial Age
RankedLock teamsTeams togetherTeam positionsShared explorationLock speedFull tech treeHidden civsTurbo modeCheats
Victory
Defeat
🇦🇷 Cumans · Argentina
1014
+12
🇸🇪 Khmer · Sweden
962
+14
🇸🇪 Franks · Sweden
962
+14
🇮🇳 Turks · India
898
+16
🇷🇴 Maya · Romania
960
-16
🇷🇴 Mapuche · Romania
920
-14
🇷🇴 Vikings · Romania
911
-14
🇷🇴 Hindustanis · Romania
874
-12
alaad4
0:30 Loom
10:07 Feudal Age
16:42 Castle Age
15:01 Stone Mining
15:13 Double-Bit Axe
19:55 Murder Holes
20:27 Bow Saw
19:59 Horse Collar
24:45 Scale Barding Armor
24:41 Padded Archer Armor
29:54 Imperial Age
28:02 Forging
29:49 Tusk Swords
30:03 Fletching
30:34 Chain Barding Armor
30:30 Sappers
32:12 Conscription
35:20 Hoardings
34:53 Scale Mail Armor
Kingmaster.95
7:22 Loom
11:04 Feudal Age
12:03 Double-Bit Axe
17:05 Castle Age
15:21 Gold Mining
17:15 Stone Mining
18:06 Bow Saw
18:20 Loom
18:24 Town Watch
20:53 Wheelbarrow
21:27 Husbandry
21:36 Scale Barding Armor
23:06 Hand Cart
22:48 Man-at-Arms
31:39 Imperial Age
29:21 Murder Holes
29:34 Long Swordsman
30:15 Squires
30:00 Gambesons
32:43 #83
32:07 Pikeman
34:58 Conscription
34:46 Elite Skirmisher
35:20 Fletching
35:30 Padded Archer Armor
35:42 Forging
35:33 Scale Mail Armor
36:37 Hoardings
Owen Knight
12:26 Feudal Age
16:16 Castle Age
20:52 Imperial Age
21:50 Double-Bit Axe
FernetRush
10:02 Feudal Age
10:46 Double-Bit Axe
10:44 Horse Collar
15:59 Loom
20:13 Castle Age
19:58 Wheelbarrow
19:35 Gold Mining
23:10 Bow Saw
24:05 Hand Cart
23:36 Town Watch
28:49 Imperial Age
26:37 Heavy Plow
26:31 Stone Mining
27:17 Gold Shaft Mining
27:44 Town Patrol
27:55 Scale Barding Armor
28:01 Forging
29:32 Chain Barding Armor
29:39 Bloodlines
29:59 Elite Steppe Lancer
32:51 Steppe Husbandry
33:12 Conscription
33:34 Hoardings
34:56 Light Cavalry
37:07 Two-Man Saw
THE SUSPECT
11:02 Feudal Age
12:41 Double-Bit Axe
18:59 Castle Age
16:42 Horse Collar
18:57 Wheelbarrow
18:36 Double-Bit Axe
20:30 Bow Saw
20:22 Heavy Plow
20:22 Gold Mining
21:12 Stone Mining
22:00 Gold Shaft Mining
24:05 Hand Cart
28:06 Forging
28:02 Scale Barding Armor
29:33 Grand Trunk Road
30:21 Husbandry
33:35 Iron Casting
33:21 Chain Barding Armor
34:58 Bloodlines
MDS Destroyer
10:04 Feudal Age
11:39 Double-Bit Axe
14:42 Castle Age
13:28 Gold Mining
18:10 Horse Collar
21:34 Heavy Plow
24:18 Pikeman
25:19 Bow Saw
25:08 Loom
30:12 Wheelbarrow
30:23 Forging
32:29 Gold Shaft Mining
32:22 Ballistics
32:13 Malon
35:35 Imperial Age
33:51 Fletching
34:02 Padded Archer Armor
36:04 Iron Casting
35:30 Scale Mail Armor
36:29 Hand Cart
EmirR6S
13:12 Feudal Age
17:49 Castle Age
16:48 Double-Bit Axe
20:19 Horse Collar
25:07 Gold Mining
25:07 Stone Mining
25:45 Heavy Plow
27:01 Gold Shaft Mining
29:04 Elite Skirmisher
29:39 Fletching
29:49 Padded Archer Armor
32:11 Bow Saw
34:39 Imperial Age
31:56 Loom
32:37 Pikeman
33:18 Squires
33:38 Bodkin Arrow
33:58 Leather Archer Armor
33:54 Chieftains
35:47 Conscription
35:59 Town Watch
George Droyd
0:32 Loom
10:41 Feudal Age
14:59 Castle Age
14:27 Double-Bit Axe
14:24 Horse Collar
17:03 Stone Mining
22:53 Heavy Plow
24:46 Wheelbarrow
25:51 Hul'che Javelineers
25:42 Elite Skirmisher
27:02 Eagle Warrior
27:45 Squires
28:07 Bow Saw
Connection lost

Rejoining the realm…

Still unreachable

The connection could not be restored.

Session expired

The server has moved on; the page needs a fresh start.